 Dungeon Crawl Stone Soup version 0.27-a0-1202-ge72e49191c (webtiles) character file.

Game seed: 9893298115429770320

59 ClownBaby the Stinger (level 4, -1/36 HPs)
             Began as a Naga Venom Mage on June 5, 2021.
             Slain by a phantom (3 damage)
             ... on level 3 of the Dungeon.
             The game lasted 00:06:11 (2497 turns).

ClownBaby the Stinger (Naga Venom Mage)             Turns: 2497, Time: 00:06:12

Health: -1/36      AC:  2    Str: 10    XL:     4   Next: 3%
Magic:  7/7        EV:  9    Int: 17    God:
Gold:   54         SH:  0    Dex: 11    Spells: 4/7 levels left

rFire    . . .     SeeInvis +   f - +2 mace (distort)
rCold    . . .     Faith    .   (no shield)
rNeg     . . .     Spirit   .   a - +0 robe
rPois    +         Reflect  .   (no helmet)
rElec    .         Harm     .   (no cloak)
rCorr    .         Rampage  .   (no gloves)
Will     .....                  (no barding)
Stlth    ++........             (no amulet)
HPRegen  0.12/turn              (no ring)
MPRegen  0.10/turn              (no ring)

@: very slow
A: AC +1, large, see invisible, deformed body, poison resistance, slowness 2,
spit poison 1, naga tail 1
a: Spit Poison


You were on level 3 of the Dungeon.
You visited 1 branch of the dungeon, and saw 3 of its levels.

You collected 54 gold pieces.

Inventory:

Hand Weapons
 f - a +2 mace of distortion (weapon)
Armour
 a - a +0 robe (worn)
 e - a +0 cloak
 j - a +0 kite shield
Scrolls
 b - a scroll of blinking {unknown}
 g - a scroll of teleportation
Potions
 c - a potion of ambrosia {unknown}
 d - a potion of curing {unknown}
 i - a potion of berserk rage {unknown}


   Skills:
 - Level 1.5 Dodging
 - Level 3.0 Stealth
 - Level 2.0 Spellcasting
 - Level 1.0 Transmutations
 + Level 6.3 Poison Magic


You had 4 spell levels left.
You knew the following spells:

 Your Spells              Type           Power      Damage    Failure   Level
a - Sting                 Tmut/Pois      56%        1d5       4%          1
b - Poisonous Vapours     Pois/Air       24%        N/A       8%          2

Your spell library contained the following spells:

 Spells                   Type           Power      Damage    Failure   Level
 Olgreb's Toxic Radiance  Pois           23%        N/A       14%         4
 Animate Skeleton         Necr           2%         N/A       19%         1
 Magic Dart               Conj           4%         1d3       19%         1
 Pain                     Necr           4%         1d4       19%         1
 Ignite Poison            Fire/Tmut/Pois 10%        N/A       22%         3
 Mephitic Cloud           Conj/Pois/Air  8%         N/A       24%         3
 Blink                    Tloc           N/A        N/A       28%         2
 Call Imp                 Summ           1%         N/A       28%         2
 Slow                     Hex            1%         N/A       28%         2
 Conjure Flame            Conj/Fire      1%         6-21      50%         3
 Vampiric Draining        Necr           0%         2d6       50%         3
 Animate Dead             Necr           0%         N/A       88%         4
 Agony                    Necr           1%         N/A       99%         5


Dungeon Overview and Level Annotations

Branches:
Dungeon (3/15)

Altars:


Innate Abilities, Weirdness & Mutations

Your serpentine skin is tough. (AC +1)
You have supernaturally acute eyesight. (SInv)
Armour fits poorly on your strangely shaped body.
Your system is resistant to poisons. (rPois)
You cover ground very slowly.
You can spit poison.
You have a snake-like lower body.


Message History

The ball python is engulfed in poison gas.
The ball python is poisoned.
You kill the ball python!
You have reached level 4!
You feel clever.
You start resting.
Magic restored.
A giant cockroach comes into view.
Casting: Poisonous Vapours (safe; 8% risk of failure)
Confirm with . or Enter, or press ? or * to list all spells.
Aiming: Poisonous Vapours (safe; 8% risk of failure)
Press: ? - help, Dir - move target, f - giant cockroach
Aim: a giant cockroach (asleep) Poisonous vapours surround the giant cockroach!
The giant cockroach is engulfed in poison gas.
The giant cockroach is poisoned.
You kill the giant cockroach!
Found 5 gold pieces.
You see here a giant cockroach corpse.
You start resting.
Magic restored.
You now have 54 gold pieces (gained 5).
A phantom comes into view.
You closely miss the phantom. The phantom hits you. The phantom hits you!
You miss the phantom. The phantom barely misses you.
You hit the phantom.
Space bends around the phantom.
The phantom is moderately damaged.
The phantom hits you.
The phantom blinks!
You blink.
The phantom hits you!
The phantom blinks!
You blink.
The phantom hits you.
* * * LOW HITPOINT WARNING * * *
Found a weird glowing staff.
A rat comes into view.
You closely miss the phantom.
The phantom is moderately damaged.
The phantom hits you!
* * * LOW HITPOINT WARNING * * *
Unknown command.
As you read the scroll of summoning, it crumbles to dust.
Wisps of shadow whirl around you... The phantom hits you.
You die...

### #.. .. #.
#.####..# # #.
#.Sr..... . #.
#W.r..|.. #.#.
#@# #.#.##.####
#....J....#
#.........#
#....§.#######
#....§.'......
###......#######
.........###
#####......#


You could see a phantom (ally target), a rat (ally target), a friendly adder
(summoned), a friendly endoplasm (summoned) and a friendly rat (summoned).

Vanquished Creatures
  Crazy Yiuf (D:2)
  A worm (D:2)
  5 endoplasms
  3 giant cockroaches
  2 goblins
  A hobgoblin (D:1)
  A quokka (D:2)
  5 ball pythons
  4 bats
  3 kobolds
  3 rats
29 creatures vanquished.

Vanquished Creatures (others)
  4 toadstools (D:1)
4 creatures vanquished.

Grand Total: 33 creatures vanquished

Notes
Turn   | Place    | Note
-------+----------+-------------------------------------------
     0 | D:1      | ClownBaby the Naga Venom Mage began the quest for the Orb.
     0 | D:1      | Reached XP level 1. HP: 15/15 MP: 3/3
   344 | D:1      | Reached XP level 2. HP: 22/22 MP: 3/5
   386 | D:1      | Learned a level 2 spell: Poisonous Vapours
   688 | D:1      | Reached skill level 5 in Poison Magic
   710 | D:1      | You fall into a shaft and drop 1 floor!
   946 | D:2      | Found a runed translucent door.
   947 | D:2      | Noticed Crazy Yiuf
   955 | D:2      | Killed Crazy Yiuf
   956 | D:2      | Reached skill level 6 in Poison Magic
   956 | D:2      | Reached XP level 3. HP: 20/28 MP: 0/6
  2405 | D:3      | Reached XP level 4. HP: 36/36 MP: 4/7
  2489 | D:3      | Noticed a phantom
  2497 | D:3      | Slain by a phantom

Illustrated notes

Levels and vault maps discovered:
D:1:      ldierk_water_garden, layout_basic, st_stairs_4,
          minmay_misc_feat_four_crosses, minivault_5, minmay_tetromino_o2
D:2:      layout_basic, uniq_crazy_yiuf_cottage
D:3:      layout_basic, hellmonk_ecumenical_altar_arch_garden

Skill      XL: |  1  2 |
---------------+-------+-----
Poison Magic   | 6 |  6.3
Dodging        | |  1.5
Stealth        | |  3.0
Spellcasting   | |  2.0
Transmutations | |  1.0

Action                   |  1- 3 |  4- 6 || total
-------------------------+-------+-------++-------
Melee: Dagger            |     5 |       ||     5
       Mace              |     8 |     4 ||    12
 Cast: Sting             |    24 |       ||    24
       Poisonous Vapours |    17 |     1 ||    18
 Abil: Spit Poison       |     6 |       ||     6
  Use: Scroll            |     2 |     1 ||     3
Armor: Robe              |     4 |       ||     4
Dodge: Dodged            |    10 |     1 ||    11

Table legend: (Time is in decaauts)
 A = Elapsed time spent in this place.
 B = Non-inter-level travel time spent in this place.
 C = Inter-level travel time spent in this place.
 D = Time resting spent in this place.
 E = Time spent auto-exploring this place.
 F = Levels seen in this place.
 G = Mean time per level.
                   A        B        C        D        E       F      G
               +--------+--------+--------+--------+--------+-----+--------+
         Total |   3064 |   2894 |    170 |    937 |   1366 |   3 | 1021.3 |
       Dungeon |   3064 |   2894 |    170 |    937 |   1366 |   3 | 1021.3 |
               +--------+--------+--------+--------+--------+-----+--------+

Top non-repeatable levels by time:
     D:2: 1477 daAuts
     D:1: 1396 daAuts
     D:3: 191 daAuts
